 Dungeon Crawl Stone Soup version 0.19-a0-75-g99403da (webtiles) character file.

20605 Duffy the Brawler (level 12, 39/106 HPs)
             Began as a Minotaur Transmuter on May 11, 2016.
             Was the Champion of Cheibriados.
             Quit the game on level 6 of the Lair of Beasts.
             The game lasted 00:18:07 (14641 turns).

Duffy the Brawler (Minotaur Transmuter)            Turns: 14641, Time: 00:18:07

Health: 39/106     AC:  7    Str: 38    XL:     12   Next: 46%
Magic:  27/27      EV: 21    Int: 27    God:    Cheibriados [******]
Gold:   822        SH:  4    Dex: 27    Spells: 2 memorised, 6 levels left

rFire  . . .     SeeInvis .       - Unarmed
rCold  . . .     Gourm    .     t - +1 ring mail of Resilience {Dex+2}
rNeg   . . .     Faith    .     (no shield)
rPois  .         Spirit   .     (helmet unavailable)
rElec  .         Dismiss  .     A - +0 cloak
rCorr  .         Reflect  +     L - +1 pair of gloves
SustAt .         Harm     .     (no boots)
MR     .....                    T - +4 amulet of reflection
Stlth  +.........               J - +4 ring of strength
                                O - ring of magical power

@: drained, very slow, not resistant to hostile enchantments, very unstealthy
A: retaliatory headbutt, hooves 1, horns 3, icy blue scales 1, clever 1, clumsy
1, deformed body
a: Bend Time, Temporal Distortion, Slouch, Step From Time, Renounce Religion


You were on level 6 of the Lair of Beasts.
You worshipped Cheibriados.
Cheibriados was exalted by your worship.
You were hungry.

You visited 3 branches of the dungeon, and saw 16 of its levels.
You also visited: Ossuary.

You collected 822 gold pieces.


Innate Abilities, Weirdness & Mutations

You reflexively headbutt those who attack you in melee.
You have a pair of large horns on your head.
You have large cloven feet.
You are partially covered in icy blue scales (AC +1).
Your mind is acute. (Int +2)
You are clumsy. (Dex -2)
Armour fits poorly on your strangely shaped body.


   Skills:
 - Level 10.0(8.7) Fighting
 - Level 10.0(8.6) Dodging
 - Level 15.0(13.5) Unarmed Combat
 - Level 1.3(0.3) Spellcasting
 - Level 1.5(0.5) Transmutations
 + Level 9.7(8.4) Invocations


You had 6 spell levels left.
You knew the following spells:

 Your Spells              Type           Power        Failure   Level  Hunger
a - Blade Hands           Trmt           #.........   100%        5    ######.
b - Sticks to Snakes      Trmt           #.......     21%         2    ###....

Inventory:

Missiles
 a - 262 arrows
 G - 3 tomahawks of returning
 I - 6 throwing nets (quivered)
 K - 29 poisoned needles
 P - 7 tomahawks
Armour
 b - a +0 plate armour
 t - the +1 ring mail of Resilience (worn) {Dex+2}

   It affects your dexterity (+2).
 A - a +0 cloak (worn)
 H - the +1 ring mail of Defence {*Drain rElec rF++ rN+}

   It greatly protects you from fire.
   It insulates you from electricity.
   It protects you from negative energy.
   It causes draining when unequipped.
 L - a +1 pair of gloves (worn)
Jewellery
 z - an uncursed ring of positive energy
 J - a +4 ring of strength (right hand)
 O - a ring of magical power (left hand)
 T - a +4 amulet of reflection (around neck)
Wands
 e - a wand of polymorph (17/24)
 m - a wand of flame (21/48)
 o - a wand of teleportation (7/9)
 Y - a wand of enslavement (23/24)
Scrolls
 k - 4 scrolls of fear
 p - a scroll of remove curse
 q - 3 scrolls of enchant armour
 r - 2 scrolls of fog
 s - 2 scrolls of noise
 w - a scroll of teleportation
 y - 2 scrolls of recharging
 D - a scroll of torment
 U - 2 scrolls of magic mapping
Potions
 g - a potion of degeneration {unknown}
 h - a potion of cure mutation {unknown}
 i - 4 potions of might
 j - 5 potions of flight
 l - 2 potions of berserk rage {unknown}
 n - 2 potions of heal wounds
 u - 3 potions of lignification
 x - 5 potions of curing
 E - a potion of resistance {unknown}
 N - 2 potions of cancellation
 Q - a potion of beneficial mutation {unknown}
 R - a potion of invisibility {unknown}
 S - a potion of magic {unknown}
Books
 c - a book of Changes
 v - a book of Clouds
 W - a book of Debilitation
Comestibles
 d - 6 bread rations
 f - 17 fruits
 B - 2 beef jerkies
 V - 5 meat rations
 Z - 2 slices of pizza

Dungeon Overview and Level Annotations

Branches:
Dungeon (10/15)            Temple (1/1) D:5            Lair (4/8) D:9
    Orc (0/2) D:10
  Swamp: Lair:3-6    Shoals: Lair:3-6     Snake: Lair:3-6    Spider: Lair:3-6

Altars:
Ashenzari
Cheibriados
Dithmenos
Elyvilon
Fedhas
Gozag
Kikubaaqudgha
Makhleb
Nemelex Xobeh
Okawaru
Pakellas
Qazlal
Ru
Sif Muna
Trog
Vehumet
Xom
Yredelemnul
Zin
The Shining One


Message History

You are slowing down.
Your limbs are stiffening.
You see here a metal-bound book.
The catoblepas gores you. The catoblepas gores you!
The catoblepas breathes a plume of calcifying dust at you.
The blast of calcifying dust hits you!
You have turned to stone.
You are engulfed in calcifying dust.
The catoblepas gores you!!
The catoblepas gores you but does no damage.
The catoblepas gores you!!
The catoblepas breathes a plume of calcifying dust at you.
The blast of calcifying dust hits you!
You are engulfed in calcifying dust.
The catoblepas gores you!!
You are engulfed in calcifying dust.
The catoblepas gores you.
You are engulfed in calcifying dust.
The catoblepas gores you.
You turn to flesh and can move again.
You punch the catoblepas!
You kick the catoblepas, but do no damage.
You headbutt the catoblepas, but do no damage.
The catoblepas is lightly wounded.
The catoblepas barely misses you. You furiously retaliate!
You headbutt the catoblepas!!
You hit the catoblepas but do no damage.
You kick the catoblepas, but do no damage.
You headbutt the catoblepas, but do no damage.
The catoblepas is heavily wounded.
The catoblepas barely misses you.
You pummel the catoblepas!!
You kick the catoblepas, but do no damage.
You headbutt the catoblepas!
The catoblepas is almost dead.
The catoblepas gores you but does no damage.
You hit the catoblepas but do no damage.
You kick the catoblepas, but do no damage.
The catoblepas is almost dead.
You punch the catoblepas!
You kill the catoblepas!
Cheibriados thoroughly appreciates the change of pace.
Found 26 gold pieces.
You see here a transparent ring mail.
t - a transparent ring mail Wear which item? (? for menu, Esc to quit)
Really take off
H - the +1 ring mail of Defence {*Drain rElec rF++ rN+}?
You start removing your armour.
You continue taking off the +1 ring mail of Defence {*Drain rElec rF++ rN+}. x4
You finish taking off the +1 ring mail of Defence {*Drain rElec rF++ rN+}.
You feel drained.
You start putting on your armour.
You continue putting on your transparent ring mail. x5
You finish putting on the +1 ring mail of Resilience {Dex+2}.
Are you sure you want to abandon this character and quit the game? (Confirm with "yes".)

..PP.$...P.....# .....#
...P......:...#.#....###
........#P....##........
........##....##.......P
PP......P.....PP......#
P.....................#
......................##
.....................$..
.P.#.....PP####.@#..##.#
######..### ####### ##


There were no monsters in sight!

Action                   |  1- 3 |  4- 6 |  7- 9 | 10-12 || total
-------------------------+-------+-------+-------+-------++-------
Melee: Unarmed           |    93 |   175 |   415 |   437 ||  1120
       Headbutt          |    13 |    24 |    88 |   149 ||   274
       Punch             |     1 |     4 |    24 |    36 ||    65
       Kick              |       |       |       |    47 ||    47
Evoke: Wand              |       |       |     3 |       ||     3
  Use: Scroll            |       |     3 |     1 |    20 ||    24
       Potion            |       |     2 |       |     3 ||     5
 Stab: Sleeping          |       |       |       |     3 ||     3
       Distracted        |       |       |       |     1 ||     1
       Invisible         |       |       |       |     1 ||     1
       Paralysed         |       |       |       |     1 ||     1
  Eat: Chunk             |     1 |     8 |    12 |    10 ||    31
       Beef jerky        |       |       |       |     2 ||     2
Armor: Robe              |     4 |       |       |       ||     4
       Ring mail         |    18 |     2 |    57 |    93 ||   170
       Chain mail        |       |    78 |    96 |       ||   174
Dodge: Dodged            |    44 |    53 |   154 |   454 ||   705
Block: Other             |       |       |       |    13 ||    13

Notes
Turn   | Place    | Note
--------------------------------------------------------------
     0 | D:1      | Duffy the Minotaur Transmuter began the quest for the Orb.
     0 | D:1      | Reached XP level 1. HP: 16/16 MP: 1/1
   192 | D:1      | Reached XP level 2. HP: 12/23 MP: 3/3
   414 | D:1      | Reached skill level 4 in Unarmed Combat
   930 | D:1      | Learned a level 2 spell: Sticks to Snakes
   981 | D:1      | Reached XP level 3. HP: 28/28 MP: 4/4
  1144 | D:2      | Reached skill level 5 in Unarmed Combat
  1216 | D:2      | Noticed Terence
  1236 | D:2      | Killed Terence
  1236 | D:2      | Reached XP level 4. HP: 16/35 MP: 5/5
  1471 | D:2      | Noticed Natasha
  1485 | D:2      | Killed Natasha
  1715 | D:2      | Reached skill level 6 in Unarmed Combat
  2144 | D:3      | Reached XP level 5. HP: 38/40 MP: 6/6
  2202 | D:3      | Noticed Sl000nik's ghost (amateur OpAs)
  2227 | D:3      | Killed Sl000nik's ghost
  2227 | D:3      | Reached skill level 7 in Unarmed Combat
  2389 | D:4      | Reached XP level 6. HP: 16/47 MP: 7/7
  2741 | D:4      | Reached skill level 8 in Unarmed Combat
  3483 | D:4      | Reached skill level 9 in Unarmed Combat
  3483 | D:4      | Reached XP level 7. HP: 2/52 MP: 8/8
  3843 | D:4      | Noticed a two-headed ogre
  4467 | D:4      | Noticed Duffy's ghost (amateur DrFi)
  4483 | D:4      | Killed Duffy's ghost
  4694 | D:4      | Killed a two-headed ogre
  4694 | D:4      | Reached skill level 10 in Unarmed Combat
  4698 | D:4      | Reached XP level 8. HP: 38/59 MP: 9/9
  4976 | D:5      | Entered Level 5 of the Dungeon
  5023 | D:5      | Noticed Grinder
  5030 | D:5      | Killed Grinder
  5030 | D:5      | Reached skill level 11 in Unarmed Combat
  5517 | D:5      | Reached skill level 12 in Unarmed Combat
  5728 | D:5      | Found a staircase to the Ecumenical Temple.
  5766 | Temple   | Entered the Ecumenical Temple
  5794 | Temple   | Became a worshipper of Cheibriados the Contemplative
  6058 | D:5      | Found a shattered altar of Ashenzari.
  6094 | D:5      | Reached XP level 9. HP: 57/64 MP: 10/10
  6097 | D:5      | Got a scorched ring mail
  6108 | D:5      | Identified the +1 ring mail of Defence {*Drain rElec rF++ rN+} (You took it off an orc on level 5 of the Dungeon)
  6496 | D:6      | Reached * piety under Cheibriados
  6503 | D:6      | Reached skill level 2 in Fighting
  6790 | D:6      | Reached skill level 3 in Fighting
  6790 | D:6      | Reached skill level 3 in Dodging
  6839 | D:6      | Reached skill level 4 in Fighting
  6989 | D:6      | Reached skill level 4 in Dodging
  7261 | D:6      | Found a glowing golden altar of the Shining One.
  7364 | D:6      | Reached ** piety under Cheibriados
  7485 | D:6      | Reached skill level 5 in Fighting
  7634 | D:7      | Reached skill level 5 in Dodging
  7828 | D:7      | Noticed Duvessa
  7837 | D:7      | Killed Duvessa
  7917 | D:7      | Noticed Dowan
  7920 | D:7      | Killed Dowan
  8033 | D:7      | Reached skill level 6 in Fighting
  8035 | D:7      | Reached *** piety under Cheibriados
  8085 | D:7      | Reached skill level 6 in Dodging
  8133 | D:7      | Found an ancient bone altar of Kikubaaqudgha.
  8202 | D:7      | Reached skill level 7 in Fighting
  8202 | D:7      | Reached XP level 10. HP: 79/86 MP: 11/11
  8300 | D:7      | Noticed a centaur warrior
  8405 | D:7      | Killed a centaur warrior
  8405 | D:7      | Reached skill level 7 in Dodging
  8648 | D:7      | Noticed Prince Ribbit
  8655 | D:7      | Killed Prince Ribbit
  8655 | D:7      | Reached **** piety under Cheibriados
  8655 | D:7      | Reached skill level 8 in Fighting
  8754 | D:8      | Noticed Pikel
  8761 | D:8      | Reached skill level 8 in Dodging
  8767 | D:8      | Killed Pikel
  8767 | D:8      | Reached skill level 9 in Fighting
  8821 | D:8      | Reached ***** piety under Cheibriados
  8828 | D:8      | Noticed Maurice
  8839 | D:7      | Reached skill level 9 in Dodging
  8841 | D:7      | Killed Maurice
  9144 | D:8      | Reached skill level 10 in Fighting
  9216 | D:8      | Found a sand-covered staircase.
  9226 | Ossuary  | Entered an ossuary
  9437 | Ossuary  | Learned a level 5 spell: Blade Hands
  9735 | D:9      | Noticed a brown ugly thing
  9743 | D:9      | Killed a brown ugly thing
  9743 | D:9      | Reached skill level 1 in Invocations
  9855 | D:9      | Found a staircase to the Lair.
  9862 | D:9      | Reached skill level 2 in Invocations
  9862 | D:9      | Reached XP level 11. HP: 71/99 MP: 12/12
 10010 | D:9      | Noticed Joseph
 10017 | D:9      | Killed Joseph
 10098 | D:9      | Reached skill level 10 in Dodging
 10108 | D:9      | Reached skill level 13 in Unarmed Combat
 10108 | D:9      | Reached skill level 3 in Invocations
 10126 | D:9      | Found a sacrificial altar of Ru.
 10588 | D:10     | Entered Level 10 of the Dungeon
 10588 | D:10     | Noticed Graouh's ghost (journeyman MiFi)
 10602 | D:10     | Killed Graouh's ghost
 10602 | D:10     | Reached skill level 4 in Invocations
 10831 | D:10     | Noticed a hill giant
 10838 | D:10     | Killed a hill giant
 11037 | D:10     | Reached ****** piety under Cheibriados
 11086 | D:10     | Found a staircase to the Orcish Mines.
 11103 | D:10     | Reached skill level 5 in Invocations
 12884 | Lair:1   | Entered Level 1 of the Lair of Beasts
 12988 | Lair:1   | Reached skill level 14 in Unarmed Combat
 12992 | Lair:1   | Reached skill level 6 in Invocations
 13026 | Lair:1   | Gained mutation: You are clumsy. (Dex -2) [potion of mutation]
 13026 | Lair:1   | Gained mutation: You are partially covered in icy blue scales (AC +1). [potion of mutation]
 13026 | Lair:1   | Gained mutation: You have a pair of large horns on your head. [potion of mutation]
 13027 | Lair:1   | Gained mutation: Your mind is acute. (Int +2) [potion of mutation]
 13027 | Lair:1   | Gained mutation: You have large cloven feet. [potion of mutation]
 13027 | Lair:1   | Lost mutation: You have large cloven feet. [potion of mutation]
 13028 | Lair:1   | Gained mutation: You evolve. [potion of mutation]
 13028 | Lair:1   | Gained mutation: You have large cloven feet. [potion of mutation]
 13394 | Lair:1   | Reached skill level 7 in Invocations
 13524 | Lair:1   | Reached XP level 12. HP: 98/106 MP: 16/16
 13910 | Lair:2   | Reached skill level 8 in Invocations
 13969 | Lair:2   | Gained mutation: Armour fits poorly on your strangely shaped body. [evolution]
 13969 | Lair:2   | Lost mutation: You evolve. [end of evolution]
 14272 | Lair:2   | Reached skill level 15 in Unarmed Combat
 14449 | Lair:4   | Reached skill level 9 in Invocations
 14589 | Lair:4   | You fall through a shaft for 2 floors!
 14606 | Lair:6   | Noticed a catoblepas
 14621 | Lair:6   | Killed a catoblepas
 14630 | Lair:6   | Got a transparent ring mail
 14641 | Lair:6   | Identified the +1 ring mail of Resilience {Dex+2} (You found it on level 6 of the Lair of Beasts)
 14641 | Lair:6   | Quit the game

Skill      XL: |  1  2  3  4  5  6  7  8  9 10 11 12 |
---------------+-------------------------------------+-----
Unarmed Combat | 4 5 6 7 9 10 12 14 15 | 15.0
Fighting       | 7 10 | 10.0
Dodging        | 6 9 10 | 10.0
Invocations    | 2 7 9 |  9.7
Spellcasting   | |  1.3
Transmutations | |  1.5

Vault maps used:
D:1:      saegor_arrival_simple_e
D:2:      uniq_natasha, uniq_terence
D:3:      lemuel_castle_with_subvaults
D:4:      kennysheep_crisscross, minmay_misc_feat_plants
D:5:      overflow_temple_1_default, minmay_temple_entry_oklob, first_bread,
          kennysheep_generic_room_6, uniq_grinder
D:6:      tso_oasis_becter, st_stairs_5,
          hangedman_abyss_or_decor_jellyfish_corner
D:7:      minmay_misc_feat_x, lemuel_mausoleum_altar_kikubaaqudgha,
          uniq_duvessa, uniq_prince_ribbit1
D:8:      enter_ossuary_1, uniq_maurice, uniq_pikel
D:9:      david_lair_shrubbed, nicolae_ru_great_annihilating_truth, uniq_joseph
D:10:     minmay_orc_entry_guard_dogs
Temple:   grunt_circular_temple_18
Lair:1:   wad_woods_06, grunt_megastairs_2, bh_autumn_forest_stairs
Lair:3:   minmay_snake_entry_six_corridors, serial_bayou_shore_b,
          uniq_gastronok, uniq_snorg
Lair:4:   statuecave_lemuel, minmay_holes, st_stairs_6
Lair:6:   pond, grunt_megastairs_1, serial_bayou_shore_a
Ossuary:  ossuary_tomb_3

Vanquished Creatures
  The ghost of Graouh the Blocker, a journeyman MiFi of Okawaru
  A catoblepas
  A centaur warrior
  A hill giant Pikel
  An ugly thing Joseph Maurice
  2 black mambas
  3 spiny frogs
  2 komodo dragons
  A rime drake
  A two-headed ogre
  A troll Prince Ribbit Grinder
  9 blink frogs
  A vampire
  14 yaks
  A hungry ghost
  A hippogriff
  4 wargs
  5 water moccasins
  4 porcupines Duvessa
  6 ice beasts
  4 sky beasts
  5 orc warriors
  A slave
  5 ogres
  A necrophage
  A phantom
  The ghost of Duffy the Ruffian, an amateur DrFi
  2 black bears
  10 wolves
  4 centaurs
  The ghost of Sl000nik the Sneak, an amateur OpAs
  5 crocodiles
  An elf zombie
  4 giant frogs
  4 big kobolds
  A gnoll sergeant Dowan
  A water moccasin skeleton
  3 scorpions
  4 killer bees
  An oklob sapling
  2 wights
  5 howler monkeys
  3 crimson imps
  A quasit
  5 hounds
  2 jellies
  8 orc wizards
  6 human zombies
  2 centaur skeletons
  2 giant frog skeletons
  3 gnoll shamans
  5 orc priests Natasha Terence
  A human skeleton
  8 iguanas
  11 worker ants
  7 sheep
  A big kobold zombie
  2 hound zombies
  4 hound skeletons
  8 mummies
  A howler monkey zombie
  A worker ant zombie
  48 gnolls
  12 adders
  8 river rats
  4 shadow imps
  An ooze
  An adder skeleton
  2 adder zombies
  3 worms
  3 dart slugs
  5 giant geckos
  55 orcs
  9 giant cockroaches
  13 goblins
  13 hobgoblins
  20 jackals
  3 quokkas
  A ball python
  13 bats
  6 giant newts
  2 gnoll zombies
  18 kobolds
  5 kobold zombies
  An orc skeleton
  7 rats
  4 bushes
  2 fungi
  9 plants
484 creatures vanquished.
